 Dungeon Crawl Stone Soup version 0.23.2-1-ga50397a (webtiles) character file.

Game seed: 3298305998386329353

177 Kairos the Ruffian (level 5, -6/46 HPs)
             Began as a Ghoul Monk on Apr 24, 2019.
             Mangled by a centaur (7 damage)
             ... on level 3 of the Dungeon.
             The game lasted 00:03:55 (1649 turns).

Kairos the Ruffian (Ghoul Monk)                     Turns: 1649, Time: 00:03:55

Health: -6/46      AC:  6    Str: 16    XL:     5   Next: 57%
Magic:  4/4        EV: 10    Int:  5    God:
Gold:   77         SH:  0    Dex: 11    Spells: 4/4 levels left

rFire    . . .     SeeInvis .     - Unarmed
rCold    + . .     Gourm    .   (no shield)
rNeg     + + +     Faith    .   i - +0 scale mail (curse)
rPois    ∞         Spirit   .   (no helmet)
rElec    .         Reflect  .   (no cloak)
rCorr    +         Harm     .   (no gloves)
MR       .....                  (no boots)
Stlth    +.........             (no amulet)
HPRegen  0.00/turn              j - ring of resist corrosion
MPRegen  0.09/turn              (no ring)

@: rotting
A: rotting body, claws 1, carnivore, cold resistance 1, negative energy
resistance 3, inhibited regeneration, torment resistance, unbreathing
a: no special abilities


You were on level 3 of the Dungeon.
You were not hungry.

You visited 1 branch of the dungeon, and saw 3 of its levels.

You collected 77 gold pieces.

Inventory:

Armour
 a - a +0 robe
 i - a cursed +0 scale mail (worn)
Jewellery
 j - a ring of resist corrosion (left claw)
Scrolls
 d - 4 scrolls of identify {unknown}
 f - a scroll of remove curse {unknown}
 g - a scroll of immolation {unknown}
 h - 2 scrolls of teleportation {unknown}
 o - a scroll of enchant weapon {unknown}
 p - a scroll of random uselessness {unknown}
Potions
 c - 2 potions of agility {unknown}
 e - a potion of mutation {unknown}
 k - a potion of might
 l - 2 potions of degeneration {unknown}
 m - a potion of resistance {unknown}
 n - 2 potions of curing
 q - a potion of haste {unknown}
Comestibles
 b - 5 rations
 r - a chunk of flesh


   Skills:
 + Level 4.0 Fighting
 + Level 1.0 Armour
 + Level 3.5 Dodging
 + Level 2.8 Stealth
 + Level 5.0 Unarmed Combat


You had 4 spell levels left.
You didn't know any spells.
Your spell library was empty.

Dungeon Overview and Level Annotations

Branches:
Dungeon (3/15)

Altars:
Vehumet
Yredelemnul


Innate Abilities, Weirdness & Mutations

Your body is rotting away.
You thrive on raw meat.
You are immune to poison.
You have sharp fingernails.
You are carnivorous and can eat meat at any time.
Your flesh is cold resistant. (rC+)
You are immune to negative energy. (rN+++)
You do not regenerate when monsters are visible.
You are immune to unholy pain and torment.
You can survive without breathing.


Message History

You are too injured to fight recklessly!
You are too injured to fight recklessly!
You are too injured to fight recklessly!
You are too injured to fight recklessly!
You are too injured to fight recklessly!
You are too injured to fight recklessly!
You are too injured to fight recklessly!
You are too injured to fight recklessly!
The centaur shoots an arrow.
The arrow hits you! The jackal closely misses you.
You see here a ration.
The jackal bites you.
* * * LOW HITPOINT WARNING * * *
You barely miss the jackal. The jackal barely misses you.
You claw the jackal!
You kill the jackal!
The centaur shoots an arrow.
The arrow hits you!
* * * LOW HITPOINT WARNING * * *
The centaur unwields a +0 shortbow.
The centaur hits you!
You die...

#.......# #.#..#..#
#.......#######.#..#..#
#.......#....)..#..#..#
#..........#######.#..#
#####....^........
.........(.######
#####...(.(......
#..(..##########
#....rc@(.......
#.(...##########
#.............
#..........####
#............
#............#
..P....###...# ..♣.[..
#...# ..P..## ####


You could see a centaur and a rat.

Vanquished Creatures
  A sky beast (D:2)
  A gnoll (D:1)
  An adder (D:2)
  An ooze (D:1)
  2 dart slugs
  2 leopard geckos
  12 bats
  A giant cockroach (D:2)
  7 goblins
  5 hobgoblins (D:1)
  9 jackals
  3 frilled lizards
  3 kobolds (D:2)
  5 rats
53 creatures vanquished.

Vanquished Creatures (others)
  A rat (D:2)
1 creature vanquished.

Grand Total: 54 creatures vanquished

Notes
Turn   | Place    | Note
-------+----------+-------------------------------------------
     0 | D:1      | Kairos the Ghoul Monk began the quest for the Orb.
     0 | D:1      | Reached XP level 1. HP: 19/19 MP: 0/0
   135 | D:1      | Reached XP level 2. HP: 12/26 MP: 1/1
   243 | D:1      | Reached XP level 3. HP: 21/31 MP: 2/2
   375 | D:1      | Reached skill level 4 in Unarmed Combat
   919 | D:2      | Reached XP level 4. HP: 40/40 MP: 3/3
   923 | D:2      | Found a radiant altar of Vehumet.
  1123 | D:2      | Found a basalt altar of Yredelemnul.
  1246 | D:2      | Noticed a sky beast
  1384 | D:2      | Killed a sky beast
  1384 | D:2      | Reached skill level 1 in Armour
  1384 | D:2      | Reached XP level 5. HP: 16/46 MP: 4/4
  1569 | D:3      | Reached skill level 5 in Unarmed Combat
  1635 | D:3      | Noticed a centaur
  1648 | D:3      | HP: 1/46 [centaur/arrow (12)]
  1649 | D:3      | Mangled by a centaur

Skill      XL: |  1  2  3  4  5 |
---------------+----------------+-----
Dodging        | 3 |  3.5
Unarmed Combat | 4 5 |  5.0
Armour         | 1 |  1.0
Fighting       | 4 |  4.0
Stealth        | |  2.8

Action                   |  1- 3 |  4- 6 || total
-------------------------+-------+-------++-------
Melee: Unarmed           |   115 |    66 ||   181
       Punch             |     2 |     1 ||     3
  Use: Potion            |       |     2 ||     2
 Stab: Distracted        |     1 |       ||     1
       Sleeping          |     3 |       ||     3
  Eat: Chunk             |    13 |     8 ||    21
Armor: Robe              |    20 |       ||    20
       Scale mail        |     8 |    52 ||    60
Dodge: Dodged            |   104 |    39 ||   143
